 Dungeon Crawl Stone Soup version 0.21-a0-352-g5b8f553 (webtiles) character file.

187 zxpr0jk the Charmwright (level 5, 0/43 HPs)
             Began as a Gnoll Skald on Oct 11, 2017.
             Engulfed by a steam dragon's steam (9 damage)
             ... on level 4 of the Dungeon.
             The game lasted 00:04:40 (3061 turns).

zxpr0jk the Charmwright (Gnoll Skald)               Turns: 3061, Time: 00:04:41

Health: 0/43       AC:  3    Str: 14    XL:     5   Next: 66%
Magic:  11/12      EV: 14    Int: 15    God:
Gold:   187        SH:  0    Dex: 15    Spells: 13/14 levels left

rFire    . . .     SeeInvis .   a - +0 falchion
rCold    . . .     Gourm    .   (no shield)
rNeg     . . .     Faith    .   b - +0 leather armour
rPois    .         Spirit   .   (no helmet)
rElec    .         Reflect  .   (no cloak)
rCorr    .         Harm     .   (no gloves)
MR       .....                  (no boots)
Stlth    ++........             (no amulet)
HPRegen  0.14/turn              (no ring)
MPRegen  0.13/turn              (no ring)

@: infused
A: distributed training, fangs 1, strong nose
a: no special abilities


You were on level 4 of the Dungeon.
You were not hungry.

You visited 1 branch of the dungeon, and saw 4 of its levels.

You collected 187 gold pieces.

Inventory:

Hand Weapons
 a - a +0 falchion (weapon)
Armour
 b - a +0 leather armour (worn)
 m - a +0 ring mail
Jewellery
 x - an uncursed ring of magical power {unknown}
Wands
 y - a wand of enslavement (13/24)
 A - a wand of lightning (11/15)
Scrolls
 f - 2 scrolls of blinking {unknown}
 g - 5 scrolls of amnesia {unknown}
 j - a scroll of magic mapping {unknown}
 k - 2 scrolls of teleportation {unknown}
 l - a scroll of enchant armour {unknown}
 n - 2 scrolls of remove curse {unknown}
 o - 3 scrolls of identify {unknown}
 t - a scroll of fear {unknown}
 v - a scroll of immolation {unknown}
 z - a scroll of fog {unknown}
Potions
 e - 2 potions of might
 h - a potion of haste {unknown}
 p - a potion of agility {unknown}
 r - 3 potions of heal wounds {unknown}
 s - a potion of invisibility {unknown}
 u - 3 potions of lignification {unknown}
 w - 2 potions of cancellation {unknown}
 C - a potion of curing {unknown}
Books
 c - a book of Battle

   Spells                             Type                      Level
   a - Infusion                       Charms                       1
   b - Shroud of Golubria             Charms/Translocation         2
   c - Song of Slaying                Charms                       2
   d - Spectral Weapon                Hexes/Charms                 3
   e - Regeneration                   Charms/Necromancy            3
Comestibles
 d - 2 bread rations
 i - a meat ration
 q - a royal jelly
 B - 9 chunks of flesh


   Skills:
 + Level 4.8 Fighting
 + Level 1.5 Short Blades
 + Level 4.8 Long Blades
 + Level 1.5 Axes
 + Level 1.5 Maces & Flails
 + Level 1.5 Polearms
 + Level 1.5 Staves
 + Level 1.5 Slings
 + Level 1.5 Bows
 + Level 1.5 Crossbows
 + Level 1.5 Throwing
 + Level 3.0 Armour
 + Level 4.8 Dodging
 + Level 1.5 Stealth
 + Level 1.5 Shields
 + Level 1.5 Unarmed Combat
 + Level 5.2 Spellcasting
 + Level 1.5 Conjurations
 + Level 1.5 Hexes
 + Level 6.7 Charms
 + Level 1.5 Summonings
 + Level 1.5 Necromancy
 + Level 1.5 Translocations
 + Level 1.5 Transmutations
 + Level 1.5 Fire Magic
 + Level 1.5 Ice Magic
 + Level 1.5 Air Magic
 + Level 1.5 Earth Magic
 + Level 1.5 Poison Magic
 + Level 1.5 Invocations
 + Level 1.5 Evocations


You had 13 spell levels left.
You knew the following spells:

 Your Spells              Type           Power        Failure   Level  Hunger
a - Infusion              Chrm           ###.         1%          1    None


Dungeon Overview and Level Annotations

Branches:
Dungeon (4/15)
 Temple: D:4-7

Altars:
Ashenzari
Elyvilon
Makhleb
Sif Muna


Innate Abilities, Weirdness & Mutations

Your experience applies equally to all skills.
You have very sharp teeth.
Your uncanny sense of smell can sniff out nearby items.


Message History

The steam dragon closely misses you. The steam dragon claws you.
You hit the steam dragon but do no damage.
The steam dragon is moderately wounded.
The steam dragon closely misses you.
The steam dragon claws you but does no damage.
You completely miss the steam dragon. Your bite misses the steam dragon.
The steam dragon is moderately wounded.
The steam dragon breathes steam at you. The ball of steam misses you.
Casting: Infusion
Confirm with . or Enter, or press ? or * to list all spells.
You begin infusing your attacks with magical energy.
You are engulfed in a cloud of scalding steam.
The steam dragon bites you.
* * * LOW HITPOINT WARNING * * *
The steam dragon claws you but does no damage.
You barely miss the steam dragon. Your bite misses the steam dragon.
The steam dragon is moderately wounded.
You are engulfed in a cloud of scalding steam.
You die...

#.# #.#
####.########.######
#######...................
.................##..#####
....##.##.#####.....## #.
### #.##.# ####...###.
#.##.##.# #(#.))..
#..§§##.. .......###.
#...§@### ####..###..
#.###D# #..# #.. ... #.#
#..###.. ..## #.# #..##...
. #.# #....... ### ###...
..... ####.. #..


You could see a steam dragon.

Vanquished Creatures
  2 orc priests (D:4)
  5 adders
  An ooze (D:3)
  2 worms (D:2)
  A dart slug (D:1)
  A leopard gecko (D:2)
  5 orcs
  5 giant cockroaches
  9 hobgoblins
  4 jackals
  8 kobolds
  2 ball pythons
  3 bats
  5 frilled lizards
  8 goblins
  A jackal skeleton (D:4)
  6 rats
68 creatures vanquished.

Notes
Turn   | Place    | Note
-------+----------+-------------------------------------------
     0 | D:1      | zxpr0jk the Gnoll Skald began the quest for the Orb.
     0 | D:1      | Reached XP level 1. HP: 20/20 MP: 6/6
   159 | D:1      | Reached XP level 2. HP: 17/26 MP: 7/7
   694 | D:1      | Reached XP level 3. HP: 31/31 MP: 9/9
   702 | D:1      | Reached skill level 5 in Spellcasting
  1213 | D:2      | Found a burning altar of Makhleb.
  1270 | D:2      | Reached skill level 1 in Short Blades
  1270 | D:2      | Reached skill level 1 in Axes
  1270 | D:2      | Reached skill level 1 in Maces & Flails
  1270 | D:2      | Reached skill level 1 in Polearms
  1270 | D:2      | Reached skill level 1 in Staves
  1270 | D:2      | Reached skill level 1 in Slings
  1270 | D:2      | Reached skill level 1 in Bows
  1270 | D:2      | Reached skill level 1 in Crossbows
  1270 | D:2      | Reached skill level 1 in Throwing
  1270 | D:2      | Reached skill level 1 in Stealth
  1270 | D:2      | Reached skill level 1 in Shields
  1270 | D:2      | Reached skill level 1 in Unarmed Combat
  1270 | D:2      | Reached skill level 1 in Conjurations
  1270 | D:2      | Reached skill level 1 in Hexes
  1270 | D:2      | Reached skill level 1 in Summonings
  1270 | D:2      | Reached skill level 1 in Necromancy
  1270 | D:2      | Reached skill level 1 in Translocations
  1270 | D:2      | Reached skill level 1 in Transmutations
  1270 | D:2      | Reached skill level 1 in Fire Magic
  1270 | D:2      | Reached skill level 1 in Ice Magic
  1270 | D:2      | Reached skill level 1 in Air Magic
  1270 | D:2      | Reached skill level 1 in Earth Magic
  1270 | D:2      | Reached skill level 1 in Poison Magic
  1270 | D:2      | Reached skill level 1 in Invocations
  1270 | D:2      | Reached skill level 1 in Evocations
  1303 | D:2      | Reached XP level 4. HP: 38/38 MP: 6/11
  1372 | D:2      | Found a shattered altar of Ashenzari.
  1672 | D:3      | Found a white marble altar of Elyvilon.
  1960 | D:3      | Found a deep blue altar of Sif Muna.
  2197 | D:3      | Reached XP level 5. HP: 17/43 MP: 8/12
  3050 | D:4      | Noticed a steam dragon
  3061 | D:4      | Engulfed by a steam dragon's steam

Vault maps used:
D:1:      dpeg_arrival_pits, minmay_distorted
D:2:      bloody_makhleb, first_bread, nicolae_ashenzari_panopticon
D:3:      lemuel_blue_sif_altar, elyvilon_altar_4
D:4:      okawaru_altar_gauntlet_db, nicolae_tso_carved_into_rock, serial_shops,
          shop, uniq_eustachio

Skill      XL: |  1  2  3  4  5 |
---------------+----------------+-----
Spellcasting   | 5 |  5.2
Short Blades   | 1 |  1.5
Axes           | 1 |  1.5
Maces & Flails | 1 |  1.5
Polearms       | 1 |  1.5
Staves         | 1 |  1.5
Slings         | 1 |  1.5
Bows           | 1 |  1.5
Crossbows      | 1 |  1.5
Throwing       | 1 |  1.5
Stealth        | 1 |  1.5
Shields        | 1 |  1.5
Unarmed Combat | 1 |  1.5
Conjurations   | 1 |  1.5
Hexes          | 1 |  1.5
Summonings     | 1 |  1.5
Necromancy     | 1 |  1.5
Translocations | 1 |  1.5
Transmutations | 1 |  1.5
Fire Magic     | 1 |  1.5
Ice Magic      | 1 |  1.5
Air Magic      | 1 |  1.5
Earth Magic    | 1 |  1.5
Poison Magic   | 1 |  1.5
Invocations    | 1 |  1.5
Evocations     | 1 |  1.5
Armour         | 3 |  3.0
Fighting       | |  4.8
Long Blades    | |  4.8
Dodging        | |  4.8
Charms         | |  6.7

Action                   |  1- 3 |  4- 6 || total
-------------------------+-------+-------++-------
Melee: Falchion          |   110 |   103 ||   213
       Bite              |    10 |     5 ||    15
 Cast: Infusion          |     2 |     4 ||     6
  Use: Potion            |       |     1 ||     1
 Stab: Sleeping          |       |     2 ||     2
  Eat: Chunk             |     1 |     6 ||     7
Armor: Leather armour    |    18 |    18 ||    36
Dodge: Dodged            |    85 |    87 ||   172
       Rpst.: Falchion   |    25 |    20 ||    45

Table legend:
 A = Spawn XP
 B = Non-spawn XP
 C = Spawn XP percentage of total XP
 D = Spawn monster count
 E = Non-spawn monster count
 F = Spawn count percentage of total count
 G = Total turns spent on level
                    A         B        C        D         E        F      G
               +---------+---------+-------+---------+---------+-------+---------
         Total |       0 |     268 |   0.0 |       0 |      68 |   0.0 |  3061
               +---------+---------+-------+---------+---------+-------+---------
           D:1 |       0 |      40 |   0.0 |       0 |      24 |   0.0 |   913
           D:2 |       0 |      64 |   0.0 |       0 |      20 |   0.0 |   720
           D:3 |       0 |      75 |   0.0 |       0 |      18 |   0.0 |  1243
           D:4 |       0 |      89 |   0.0 |       0 |       6 |   0.0 |   185
               +---------+---------+-------+---------+---------+-------+---------
